 Dungeon Crawl Stone Soup version 0.22-a0-355-g201945f (webtiles) character file.

5565 Amnesiac the Nimble (level 10, -5/64 HPs)
             Began as a Deep Elf Conjurer on Apr 17, 2018.
             Was a Priest of Ashenzari.
             Slain by a wolf (8 damage)
             ... on level 1 of the Lair of Beasts.
             The game lasted 00:12:38 (9389 turns).

Amnesiac the Nimble (Deep Elf Conjurer)             Turns: 9389, Time: 00:12:38

Health: -5/64      AC:  4    Str:  5    XL:     10   Next: 44%
Magic:  1/24       EV: 24    Int: 27    God:    Ashenzari [***...]
Gold:   464        SH:  6    Dex: 20    Spells: 16/25 levels left

rFire    . . .     SeeInvis +   v - +8 whip "Snakebite" {curare, rPois}
rCold    . . .     Gourm    .   r - +0 buckler
rNeg     . . .     Faith    .   a - +0 robe
rPois    +         Spirit   .   (no helmet)
rElec    .         Reflect  .   t - +0 cloak
rCorr    .         Harm     .   (no gloves)
MR       +....                  y - +0 pair of boots {Fly}
Stlth    +++.......             A - amulet of regeneration
HPRegen  0.60/turn              o - +3 ring of intelligence
MPRegen  0.19/turn              (no ring)

@: agile, flying
A: no striking features
a: Curse Item, Scrying, Renounce Religion, Stop Flying


You were on level 1 of the Lair of Beasts.
You worshipped Ashenzari.
Ashenzari was most pleased with you.
You were very hungry.

You visited 2 branches of the dungeon, and saw 10 of its levels.

You collected 464 gold pieces.

Inventory:

Hand Weapons
 v - the +8 whip "Snakebite" (weapon) {curare, rPois}
   (You found it on level 5 of the Dungeon)

   It poisons the flesh of those it strikes.
   It protects you from poison.
Armour
 a - a +0 robe (worn)
 r - a +0 buckler (worn)
 t - a +0 cloak (worn)
 y - a +0 pair of boots of flying (worn)
 D - a +0 shield
Jewellery
 b - a cursed amulet of inaccuracy
 o - a +3 ring of intelligence (left hand)
 p - a cursed ring of teleportation
 A - an amulet of regeneration (around neck)
Wands
 h - a wand of acid (7)
 w - a wand of flame (11)
 z - a wand of paralysis (17)
Scrolls
 e - 2 scrolls of immolation {!r, unknown}
 f - a scroll of random uselessness {!r, unknown}
 g - 6 scrolls of remove curse {!r}
 i - 5 scrolls of enchant weapon {!r, unknown}
 j - 3 scrolls of noise {!r, unknown}
 k - a scroll of blinking {!r, unknown}
 u - a scroll of identify {!r}
 B - a scroll of enchant armour {!r, unknown}
Potions
 d - 2 potions of flight {!q}
 l - 3 potions of brilliance {!q, unknown}
 m - a potion of agility {!q}
 n - 2 potions of mutation {!q}
 q - 2 potions of curing {!q}
 s - 2 potions of haste {!q}
 x - a potion of resistance {!q}
 C - 2 potions of lignification {!q, unknown}
Comestibles
 c - 13 rations


   Skills:
 - Level 8.2 Fighting
 - Level 8.2 Dodging
 - Level 2.4 Stealth
 * Level 5.0 Shields
 - Level 8.0 Spellcasting
 - Level 8.0 Conjurations


You had 16 spell levels left.
You knew the following spells:

 Your Spells              Type           Power        Failure   Level  Hunger
a - Iskenderun's Mystic   Conj           ######..     1%          4    ##.....
b - Force Lance           Conj/Tloc      ####....     10%         4    ##.....
d - Magic Dart            Conj           ####         1%          1    None


Dungeon Overview and Level Annotations

Branches:
Dungeon (9/15)             Temple (0/1) D:7            Lair (1/6) D:9
    Orc: D:9-12

Altars:
Ashenzari
Kikubaaqudgha
Okawaru
Trog
Uskayaw
Zin

Shops:
D:6 !*=

Annotations:
D:9 Nattefrost's ghost, novice NaHu


Message History

Aim: a wolf (severely wounded)
The orb of energy misses the wolf.
You block the wolf's attack. The wolf barely misses you. The wolf misses you.
The wolf barely misses you. You block the wolf's attack.
Casting: Iskenderun's Mystic Blast (safe; 1% risk of failure)
Confirm with . or Enter, or press ? or * to list all spells.
Aiming: Iskenderun's Mystic Blast (safe; 1% risk of failure)
Press: ? - help, Shift-Dir - straight line, f/p - wolf
Aim: a wolf (severely wounded)
The orb of energy misses the wolf.
The orb of energy explodes!
The wolf bites you.
* * * LOW HITPOINT WARNING * * *
The wolf closely misses you. x2; The wolf barely misses you.
The wolf bites you!
* * * LOW HITPOINT WARNING * * *
The wolf misses you.
Casting: Iskenderun's Mystic Blast (safe; 1% risk of failure)
Confirm with . or Enter, or press ? or * to list all spells.
You don't have enough magic to cast that spell.
Casting: Iskenderun's Mystic Blast (safe; 1% risk of failure)
Confirm with . or Enter, or press ? or * to list all spells.
You don't have enough magic to cast that spell.
The wolf barely misses you. The wolf closely misses you. The wolf bites you!
* * * LOW HITPOINT WARNING * * *
The wolf barely misses you. You block the wolf's attack.
The wolf barely misses you.
Really quaff
m - 2 fuming dark potions {!q}?
It was a potion of agility {!q}.
You feel agile all of a sudden. You block the wolf's attack.
The wolf closely misses you. x3
Really quaff
q - 5 murky orange potions {!q}?
It was a potion of curing {!q}.
You feel better. The wolf barely misses you. The wolf completely misses you.
You block the wolf's attack. The wolf bites you.
* * * LOW HITPOINT WARNING * * *
The wolf misses you.
Really quaff
q - 4 potions of curing {!q}?
You feel better. The wolf completely misses you. The wolf bites you!
* * * LOW HITPOINT WARNING * * *
The wolf barely misses you. The wolf completely misses you.
The wolf misses you.
Really quaff
q - 3 potions of curing {!q}?
You feel better. The wolf misses you. The wolf closely misses you.
The wolf misses you. You block the wolf's attack. The wolf closely misses you.
Casting: Iskenderun's Mystic Blast (safe; 1% risk of failure)
Confirm with . or Enter, or press ? or * to list all spells.
Aiming: Iskenderun's Mystic Blast (safe; 1% risk of failure)
Press: ? - help, Shift-Dir - straight line, f - wolf, p - wolf
Aim: a wolf The orb of energy hits the wolf.
The wolf is moderately wounded.
The orb of energy explodes!
The mystic blast hits the wolf.
The wolf is severely wounded.
The wolf closely misses you. The wolf bites you but does no damage.
The wolf completely misses you. You block the wolf's attack.
The wolf bites you!
* * * LOW HITPOINT WARNING * * *
Unknown command.
You hit the wolf.
The wolf is poisoned.
The wolf is almost dead.
The wolf completely misses you. x2; The wolf bites you!
* * * LOW HITPOINT WARNING * * *
The wolf closely misses you. The wolf bites you!
You die...

..........#
** , , *
.......†..#
, *
..........#
, ,
..........#
*,,
#......†..#
,
#....$.<..#
* ,
##........#
*##......h##
*, ,
#.#.....h@#
*# #.....h##
* , ###...##
, , *##### ,
* , * , , *
, , * *


You could see 3 wolves.

Vanquished Creatures
  2 two-headed ogres
  The ghost of Amnesiac the Slicer, a novice VSFi of Gozag (D:8)
  A hippogriff (D:9)
  A spriggan (D:7)
  Sigmund (D:6)
  A yak (D:9)
  2 humans (D:8)
  An orc warrior (D:8)
  3 ice beasts
  A phantom (D:6)
  3 wolves
  5 ogres
  3 centaurs
  2 crocodiles (D:9)
  A big kobold (D:7)
  3 bullfrogs
  A wyvern skeleton (D:6)
  3 scorpions
  2 howler monkeys
  A jelly (D:6)
  2 hounds
  2 bullfrog zombies
  Crazy Yiuf (D:5)
  An orc priest (D:5)
  A gnoll shaman (D:8)
  2 orc wizards
  2 bullfrog skeletons
  A centaur skeleton (D:7)
  An iguana (D:7)
  7 worker ants
  The ghost of Amnesiac the Magician, a weakling VSWz (D:3)
  9 gnolls
  11 adders
  2 shadow imps
  2 oozes
  An adder skeleton (D:4)
  A worm (D:2)
  3 dart slugs
  3 leopard geckos
  18 orcs
  6 giant cockroaches
  8 goblins
  8 hobgoblins
  10 jackals
  4 quokkas
  8 ball pythons
  11 bats
  3 frilled lizards
  12 kobolds
  A quokka zombie (D:5)
  10 rats
190 creatures vanquished.

Vanquished Creatures (others)
  A fungus (D:9)
1 creature vanquished.

Grand Total: 191 creatures vanquished

Notes
Turn   | Place    | Note
-------+----------+-------------------------------------------
     0 | D:1      | Amnesiac the Deep Elf Conjurer began the quest for the Orb.
     0 | D:1      | Reached XP level 1. HP: 10/10 MP: 6/6
   161 | D:1      | Reached XP level 2. HP: 15/15 MP: 4/8
   289 | D:1      | Reached skill level 5 in Conjurations
   837 | D:2      | Reached XP level 3. HP: 19/19 MP: 7/10
   951 | D:3      | Found a hide-covered altar of Uskayaw.
   951 | D:3      | Found an iron altar of Okawaru.
   952 | D:3      | Found an ancient bone altar of Kikubaaqudgha.
   980 | D:3      | Found a shattered altar of Ashenzari.
  1004 | D:3      | Became a worshipper of Ashenzari the Shackled
  1006 | D:3      | HP: 1/20 [poisoned by an adder]
  1300 | D:3      | Reached XP level 4. HP: 22/24 MP: 8/12
  1345 | D:2      | Learned a level 4 spell: Iskenderun's Mystic Blast
  1696 | D:2      | Reached XP level 5. HP: 28/28 MP: 8/13
  1897 | D:3      | Noticed Amnesiac's ghost (weakling VSWz)
  1900 | D:3      | Killed Amnesiac's ghost
  2324 | D:4      | Noticed an ice beast
  2334 | D:4      | Killed an ice beast
  2334 | D:4      | Reached skill level 5 in Spellcasting
  2334 | D:4      | Reached XP level 6. HP: 4/33 MP: 2/16
  2880 | D:4      | Reached * piety under Ashenzari
  4037 | D:5      | Entered Level 5 of the Dungeon
  4081 | D:5      | Reached XP level 7. HP: 37/37 MP: 6/18
  4555 | D:5      | Reached skill level 1 in Fighting
  4730 | D:5      | Found a runed door.
  4789 | D:5      | Noticed Crazy Yiuf
  4790 | D:5      | Found the +8 whip "Snakebite" {curare, rPois}
  4792 | D:5      | Killed Crazy Yiuf
  5039 | D:6      | Found a glowing silver altar of Zin.
  5055 | D:6      | Reached XP level 8. HP: 17/45 MP: 13/22
  5301 | D:6      | Reached skill level 5 in Dodging
  5591 | D:6      | Noticed Sigmund
  5592 | D:6      | Killed Sigmund
  5626 | D:6      | Found Firagad's General Store.
  5796 | D:6      | Found Awidgh's Distillery.
  5861 | D:6      | Found Sieliuw's Jewellery Shoppe.
  6137 | D:7      | Reached ** piety under Ashenzari
  6218 | D:7      | Found a bloodstained altar of Trog.
  6520 | D:7      | Reached XP level 9. HP: 52/52 MP: 23/23
  6625 | D:7      | Found a staircase to the Ecumenical Temple.
  6953 | D:8      | Reached skill level 5 in Fighting
  7285 | D:8      | Found an iron altar of Okawaru.
  7327 | D:8      | Noticed a two-headed ogre
  7390 | D:8      | Killed a two-headed ogre
  7537 | D:8      | Noticed Amnesiac's ghost (novice VSFi)
  7543 | D:8      | Killed Amnesiac's ghost
  7759 | D:8      | Reached skill level 1 in Shields
  8196 | D:9      | Noticed a two-headed ogre
  8196 | D:9      | Reached XP level 10. HP: 64/64 MP: 15/24
  8199 | D:9      | Killed a two-headed ogre
  8555 | D:9      | Noticed Nattefrost's ghost (novice NaHu)
  9070 | D:9      | Found a staircase to the Lair.
  9237 | D:9      | Learned a level 4 spell: Force Lance
  9277 | Lair:1   | Entered Level 1 of the Lair of Beasts
  9277 | Lair:1   | Reached *** piety under Ashenzari
  9295 | D:9      | Reached skill level 5 in Shields
  9389 | Lair:1   | HP: 3/64 [wolf (9)]
  9389 | Lair:1   | Slain by a wolf

Vault maps used:
D:1:      onia_arrival_mini_maze
D:2:      minmay_wonky_spiral, first_ration
D:3:      evilmike_ruin_ashenzari, gammafunk_temple_overflow_forgotten,
          st_stairs_4, serial_bayou_lagoon_a
D:5:      nicolae_overflow_hidden_temple, minmay_gold_behind_fungi,
          uniq_crazy_yiuf_cottage
D:6:      old_standard_altar, serial_shops, nicolae_shop_stone,
          nicolae_shop_waterfront, kennysheep_little_box, minmay_liquid_box,
          hangedman_decor_lopped, sigmund_army
D:7:      minmay_temple_entry_statues, the_bakery, trog_three_pillars_becter
D:8:      okawaru_humans
D:9:      david_lair_generic, serial_bayou_crossing
Lair:1:   minivault_27, uniq_harold

Skill      XL: |  1  2  3  4  5  6  7  8  9 10 |
---------------+-------------------------------+-----
Conjurations   | 5 6 7 8 |  8.0
Spellcasting   | 4 5 6 8 |  8.0
Fighting       | 2 4 8 |  8.2
Dodging        | 3 8 |  8.2
Shields        | 1 5 |  5.0
Stealth        | |  2.4

Action                   |  1- 3 |  4- 6 |  7- 9 | 10-12 || total
-------------------------+-------+-------+-------+-------++-------
Melee: Unarmed           |     2 |     2 |       |       ||     4
       Whip              |       |       |    74 |    14 ||    88
 Cast: Magic Dart        |    73 |   137 |       |       ||   210
       Iskenderun's Myst |       |    12 |    95 |    37 ||   144
Evoke: Wand              |       |     1 |       |       ||     1
  Use: Scroll            |     1 |     2 |     3 |       ||     6
       Potion            |       |       |       |     4 ||     4
 Stab: Sleeping          |       |       |     2 |       ||     2
       Distracted        |       |       |     2 |       ||     2
  Eat: Chunk             |     1 |    10 |    13 |     4 ||    28
       Ration            |       |       |     1 |       ||     1
Armor: Robe              |    17 |     5 |    11 |     5 ||    38
Dodge: Dodged            |    40 |    22 |    53 |    47 ||   162
Block: Buckler           |       |       |       |    13 ||    13

Table legend:
 A = Spawn XP
 B = Non-spawn XP
 C = Spawn XP percentage of total XP
 D = Spawn monster count
 E = Non-spawn monster count
 F = Spawn count percentage of total count
 G = Total turns spent on level
                    A         B        C        D         E        F      G
               +---------+---------+-------+---------+---------+-------+---------
         Total |       0 |    7951 |   0.0 |       0 |     190 |   0.0 |  9389
               +---------+---------+-------+---------+---------+-------+---------
           D:1 |       0 |      40 |   0.0 |       0 |      26 |   0.0 |   849
           D:2 |       0 |     253 |   0.0 |       0 |      29 |   0.0 |   835
           D:3 |       0 |     115 |   0.0 |       0 |      29 |   0.0 |   973
           D:4 |       0 |     292 |   0.0 |       0 |      11 |   0.0 |  1405
           D:5 |       0 |     464 |   0.0 |       0 |      16 |   0.0 |   821
           D:6 |       0 |    1059 |   0.0 |       0 |      19 |   0.0 |  1240
           D:7 |       0 |     791 |   0.0 |       0 |      27 |   0.0 |   957
           D:8 |       0 |    2480 |   0.0 |       0 |      19 |   0.0 |   858
           D:9 |       0 |    2127 |   0.0 |       0 |      11 |   0.0 |  1426
        Lair:1 |       0 |     330 |   0.0 |       0 |       3 |   0.0 |    25
               +---------+---------+-------+---------+---------+-------+---------
